Map: Catalyst LE

Players

Cellsidus

  • Race: Zerg Zerg
  • League: Master
  • Spawn Location: 5:00

Kang - Winner!

  • Race: Terran Terran
  • League: Master
  • Spawn Location: 11:00

VOD

Have the link to the VOD?

Description

Time

  • Played on: Aug. 12, 2018, 2 a.m.
  • Length: 27:44
Show
View Real Time Build Order
Export as new Build Order

Cellsidus Zerg 

Build Orders: Hatch First 

Get SALT Encoding   

  12  0:01  Drone  
  13  0:13  Overlord  
  13  0:17  Drone  
  14  0:31  Drone x2  
  14  0:35  Drone  
  17  0:54  Hatchery  
  16  0:57  Drone  
  16  1:01  Drone  
  18  1:11  Extractor  
  18  1:16  Spawning Pool  
  16  1:19  Drone  
  16  1:22  Drone  
  18  1:28  Drone  
  19  1:40  Overlord  
  19  1:52  Drone  
  20  2:03  Zergling x2  
  20  2:05  Queen x2  
  20  2:06  Zergling x2  
  26  2:12  Metabolic Boost  
  26  2:16  Drone  
  26  2:18  Drone  
  28  2:23  Drone  
  29  2:34  Drone x2  
  31  2:41  Drone  
  31  2:49  Overlord x2, Queen  
  33  3:02  Drone x2  
  35  3:11  Hatchery  
  34  3:16  Drone  
  34  3:17  Drone x3  
  38  3:21  Drone x2  
  38  3:24  Drone  
  41  3:28  Drone x2  
  41  3:30  Drone  
  44  3:41  Drone x2  
  46  3:46  Evolution Chamber  
  46  3:47  Overlord  
  45  3:56  Overlord  
  45  4:05  Queen x2  
  49  4:11  Zergling x4  
  49  4:13  Overlord, Zerg Ground Armor Level 1  
  51  4:27  Queen  
  51  4:29  Zergling x10  
  51  4:30  Zergling x8  
  62  4:34  Extractor  
  62  4:35  Drone x3  
  64  4:44  Queen  
  66  4:53  Drone x5  
  66  4:58  Lair  
  71  5:02  Drone  
  71  5:03  Extractor, Drone x2  
  71  5:05  Overlord x2  
  71  5:06  Overlord  
  73  5:09  Baneling Nest, Drone  
  73  5:23  Queen  
  76  5:28  Drone  
  76  5:29  Drone  
  76  5:30  Extractor, Drone x2  
  74  5:39  Drone  
  74  5:40  Drone x7  
  82  5:55  Centrifical Hooks  
  82  5:58  Drone x2  
  82  5:59  Hydralisk Den  
  82  6:00  Evolution Chamber  
  82  6:03  Overlord x2  
  82  6:04  Queen  
  80  6:10  Zergling x8  
  80  6:11  Zergling x6  
  87  6:29  Zerg Ground Armor Level 2  
  87  6:31  Muscular Augments  
  87  6:32  Hydralisk, Zerg Melee Weapons Level 1  
  89  6:33  Zergling x2  
  89  6:34  Zergling x12  
  95  6:56  Zergling x4, Hydralisk x4  
  95  6:57  Zergling x2  
  95  6:59  Overlord x5, Hatchery  
  105  7:14  Infestation Pit  
  97  7:36  Queen  
  96  7:37  Drone x4  
  96  7:38  Drone x5  
  96  7:41  Extractor x2  
  96  7:43  Grooved Spines  
  102  7:44  Drone  
  102  7:45  Drone x2  
  102  7:48  Drone  
  102  7:49  Drone  
  107  7:59  Baneling  
  107  8:00  Baneling x6  
  107  8:16  Hive  
  107  8:17  Drone x6  
  107  8:18  Drone x6  
  115  8:43  Zergling x2, Hydralisk x6  
  115  8:44  Zergling x2  
  115  8:48  Zerg Melee Weapons Level 2  
  129  8:49  Zerg Missile Weapons Level 1  
  129  8:55  Baneling x3  
  128  8:56  Baneling x7, Hydralisk x3  
  128  8:57  Hydralisk x3, Zergling x12  
  128  8:58  Zergling x2  
  147  9:15  Hydralisk  
  147  9:16  Zergling x4  
  151  9:22  Overlord x4  
  151  9:28  Zergling x2, Hydralisk  
  136  9:48  Drone x4  
  136  9:50  Extractor, Drone x3  
  142  9:53  Drone  
  142  9:57  Zergling x6, Hydralisk x3  
  142  9:58  Zergling x2  
  153  10:03  Ultralisk Cavern  
  153  10:04  Adrenal Glands  
  153  10:06  Hatchery  
  151  10:10  Viper x2  
  151  10:12  Viper  
  156  10:40  Zergling x4, Hydralisk x4  
  156  10:41  Zergling x10, Hydralisk x4  
  156  10:42  Zergling x4  
  163  10:51  Chitinous Plating  
  163  10:53  Zergling x12  
  155  11:06  Drone x2  
  155  11:07  Drone x6  
  156  11:12  Zerg Ground Armor Level 3  
  156  11:26  Zerg Melee Weapons Level 3  
  156  11:27  Zergling x12  
  156  11:28  Zergling x10  
  156  11:31  Baneling x6  
  156  11:32  Baneling x7  
  167  11:43  Queen  
  167  11:45  Drone  
  167  11:46  Drone x3  
  167  11:47  Extractor  
  172  11:49  Queen  
  172  11:50  Drone x5  
  172  11:51  Drone x2  
  181  11:56  Zergling x4  
  181  11:58  Zergling x4  
  185  12:06  Overlord x3  
  185  12:22  Ultralisk x2  
  187  12:23  Zergling x2  
  187  12:24  Zergling x4  
  187  12:26  Zergling x4, Ultralisk x2  
  200  12:32  Spire  
  199  12:48  Extractor  
  198  12:51  Extractor  
  198  12:58  Zergling x6  
  200  13:10  Ultralisk  
  201  13:21  Ultralisk Cavern  
  201  13:22  Spire  
  199  13:52  Zerg Missile Weapons Level 2  
  199  14:01  Zergling x2  
  200  14:02  Overseer  
  200  14:04  Overseer x4  
  200  14:06  Pneumatized Carapace  
  192  14:27  Hydralisk  
  192  14:28  Zergling x6, Hydralisk  
  199  14:34  Greater Spire  
  199  14:37  Spire  
  198  14:46  Baneling x4  
  198  14:47  Baneling x13  
  198  15:05  Zergling x6  
  169  15:38  Hydralisk x3, Ultralisk x2  
  169  15:39  Zergling x10, Hydralisk x6, Ultralisk  
  169  15:40  Hydralisk x2, Zergling x10  
  184  15:44  Overlord x4  
  184  15:54  Overlord x2  
  184  16:03  Corruptor x4  
  184  16:04  Corruptor x3  
  193  16:29  Hatchery  
  193  16:32  Zergling x2, Hydralisk x3  
  187  16:33  Zergling x6, Ultralisk  
  194  16:50  Spire x2  
  194  16:52  Overseer  
  192  16:54  Overseer  
  192  16:58  Zergling x12  
  192  16:59  Zergling x2  
  199  17:03  Baneling x6  
  199  17:04  Baneling x2  
  199  17:17  Zergling x2  
  200  17:33  Zerg Missile Weapons Level 3  
  173  18:05  Greater Spire, Zerg Flyer Weapons Level 1  
  170  18:06  Hydralisk x2  
  170  18:07  Zergling x8  
  170  18:08  Zergling x12  
  170  18:09  Zergling x6  
  141  18:43  Drone x6  
  141  18:44  Drone  
  141  18:47  Drone  
  141  18:48  Drone x4  
  139  19:04  Drone x2  
  139  19:05  Drone x2  
  139  19:06  Drone  
  139  19:07  Drone x2  
  139  19:08  Drone x4  
  139  19:09  Queen  
  150  19:12  Hatchery  
  151  19:24  Brood Lord x2  
  151  19:25  Brood Lord x5  
  151  19:29  Drone x6  
  150  19:47  Zergling x4, Hydralisk x3  
  150  19:48  Zergling x6, Ultralisk x2  
  163  19:56  Queen  
  165  20:13  Drone  
  165  20:14  Drone x3  
  168  20:15  Drone  
  168  20:33  Hydralisk x2  
  168  20:34  Hydralisk x2, Zergling x4  
  168  20:35  Zergling x4, Hydralisk  
  186  20:36  Zergling x2  
  170  20:50  Drone x6  
  170  20:51  Drone, Queen  
  179  21:12  Drone x3  
  179  21:14  Overlord x3  
  179  21:16  Zerg Flyer Armor Level 1, Zerg Flyer Weapons Level 2  
  182  21:25  Hatchery  
  154  21:46  Zergling x6, Hydralisk x3  
  154  21:47  Zergling x6, Ultralisk x2  
  159  21:48  Zergling x14  
  159  21:51  Zergling x2  
  165  22:11  Zergling x4, Hydralisk  
  165  22:12  Ultralisk  
  154  22:18  Drone  
  136  22:33  Hydralisk x2  
  136  22:34  Hydralisk x2, Zergling x6, Ultralisk x2  
  136  22:35  Zergling x4  
  85  22:58  Zergling x4, Hydralisk x3  
  54  22:59  Zergling x6, Ultralisk  
  54  23:00  Zergling x4  
  73  23:09  Drone x6  
  73  23:10  Drone x2  
  73  23:11  Queen  
  83  23:13  Queen  
  83  23:14  Hydralisk  
  83  23:15  Zergling x4  
  83  23:17  Baneling  
  83  23:18  Baneling x5  
  91  23:20  Overseer  
  91  23:29  Drone  
  91  23:30  Drone x2  
  91  23:31  Drone  
  91  23:32  Drone  
  85  23:35  Drone x3  
  85  23:36  Drone  
  89  23:44  Drone x5  
  93  24:04  Drone x3  
  93  24:06  Drone x2  
  98  24:11  Drone x2  
  98  24:12  Drone  
  101  24:21  Hydralisk  
  101  24:22  Zergling x4  
  105  24:44  Zergling x4  
  105  24:45  Hatchery, Zergling x6  
  106  25:02  Zergling x2, Ultralisk  
  106  25:03  Zergling x2  
  112  25:18  Hatchery  
  112  25:19  Drone  
  112  25:40  Drone  
  112  25:41  Drone x7  
  112  25:42  Drone x2  
  122  25:49  Zergling x2, Hydralisk  
  125  25:57  Extractor  
  124  26:08  Hydralisk x3  
  124  26:09  Hydralisk, Zergling x10  
  124  26:10  Zergling x2  
  125  26:33  Hydralisk  
  125  26:34  Zergling x6, Hydralisk x2  
  125  26:35  Zergling x8  
  125  26:36  Zergling x2  
  116  26:45  Hatchery  
  115  26:47  Hydralisk  
  115  26:48  Zergling x2  
  115  26:52  Baneling x5  
  115  26:53  Baneling  
Show
View Real Time Build Order
Export as new Build Order

Kang Terran - Winner!

Build Orders: Reaper Expand, MMM Bio 

Get SALT Encoding   

  12  0:01  SCV  
  13  0:13  SCV  
  14  0:17  Supply Depot  
  14  0:25  SCV  
  15  0:39  SCV  
  15  0:40  Barracks  
  16  0:44  Refinery  
  16  0:51  SCV  
  17  1:03  SCV  
  18  1:15  SCV  
  19  1:27  Orbital Command  
  19  1:28  Reaper  
  20  1:44  Command Center  
  20  1:54  SCV  
  21  1:58  Barracks  
  21  2:02  Barracks Reactor  
  21  2:07  SCV  
  22  2:12  Supply Depot  
  22  2:18  Refinery  
  22  2:19  SCV  
  23  2:38  SCV  
  23  2:42  Marine x2  
  26  2:47  Barracks Tech Lab  
  26  2:50  SCV, Factory  
  27  2:58  Orbital Command  
  27  3:00  Marine x2  
  27  3:05  SCV  
  30  3:07  Stimpack  
  30  3:16  Marine  
  30  3:17  SCV, Marine x2  
  34  3:26  SCV  
  35  3:29  SCV  
  36  3:34  Marine  
  36  3:35  Marine x2  
  36  3:36  Starport  
  36  3:37  Factory Reactor  
  39  3:44  SCV x2  
  41  3:54  Supply Depot  
  41  3:56  SCV x2  
  41  3:57  Supply Depot  
  41  4:00  Marine x3  
  46  4:16  SCV x2  
  48  4:17  Marine x2  
  48  4:18  Marine  
  48  4:21  Medivac x2  
  55  4:26  Engineering Bay x2  
  55  4:28  Supply Depot  
  55  4:35  SCV, Marine x3  
  55  4:36  SCV  
  60  4:47  SCV  
  60  4:48  SCV  
  62  5:03  Terran Infantry Weapons Level 1, Terran Infantry Armor Level 1  
  62  5:06  Command Center  
  62  5:08  Combat Shield  
  62  5:10  Refinery  
  62  5:11  Refinery, SCV x2  
  62  5:12  Supply Depot  
  64  5:19  Supply Depot  
  64  5:23  SCV  
  64  5:24  SCV  
  66  5:32  Liberator  
  66  5:33  Liberator  
  66  5:38  SCV x2  
  67  5:45  Barracks x2  
  67  5:46  Barracks  
  70  5:53  SCV  
  70  5:56  SCV  
  75  6:05  SCV  
  75  6:08  SCV  
  72  6:13  Marine  
  72  6:14  Marine x2  
  72  6:15  Factory Tech Lab  
  72  6:18  Armory  
  75  6:19  Supply Depot  
  75  6:23  Orbital Command  
  75  6:31  Marine x3  
  77  6:42  Medivac x2  
  77  6:46  Barracks Tech Lab  
  81  6:47  Barracks Reactor x2  
  81  6:49  SCV x2  
  83  6:57  Marine x3  
  86  7:08  Marine  
  83  7:15  Marine x3  
  86  7:18  SCV x2  
  89  7:23  Orbital Command  
  89  7:25  Marine x2  
  89  7:26  Marine x3  
  91  7:33  Marine x2  
  91  7:35  Medivac x2  
  93  7:37  Terran Infantry Armor Level 2, Terran Infantry Weapons Level 2  
  93  7:39  Marauder  
  93  7:41  Concussive Shells  
  95  7:44  Marauder  
  95  7:45  Marine x4  
  95  7:50  Marine  
  95  7:51  Siege Tank, Marine  
  103  7:54  SCV  
  107  7:59  Supply Depot  
  107  8:01  Supply Depot  
  107  8:07  Marine x2  
  107  8:08  Marine x2  
  111  8:15  SCV x2  
  111  8:16  SCV  
  114  8:21  Factory  
  114  8:22  Supply Depot  
  114  8:27  Supply Depot, SCV x2  
  104  8:41  Marine  
  104  8:42  Marine x7  
  111  8:57  SCV  
  111  8:59  Marine  
  111  9:00  Marauder x2, Marine x5  
  122  9:09  Siege Tank, Factory Tech Lab  
  125  9:13  Barracks  
  125  9:14  Barracks  
  125  9:17  Marine  
  125  9:18  Marine x3  
  125  9:22  Marine x2  
  125  9:23  Marauder x2  
  133  9:28  SCV x2  
  135  9:35  Marine x4  
  124  9:40  Marine x2  
  124  9:43  Marine  
  124  9:44  Marine  
  120  9:46  Siege Tank x2  
  120  9:50  Refinery x2  
  126  9:53  Command Center  
  126  9:56  Terran Infantry Weapons Level 3  
  126  10:02  Medivac x2  
  130  10:08  Terran Infantry Armor Level 3  
  130  10:18  Marauder  
  130  10:19  Marauder  
  134  10:24  Marine x4  
  137  10:38  Marine  
  137  10:39  Marine  
  137  10:40  Marauder x2, Medivac x2  
  103  10:51  Marine x4  
  103  10:56  Marine x2  
  105  11:01  Marauder x2  
  109  11:05  Siege Tank x2, Ghost Academy  
  109  11:09  Marine  
  112  11:16  Marine x3  
  112  11:17  Marine  
  112  11:18  Barracks Tech Lab  
  116  11:19  Barracks Tech Lab  
  116  11:23  Marauder x2  
  120  11:26  SCV x3  
  120  11:29  Planetary Fortress  
  123  11:37  Marauder, Siege Tank  
  123  11:38  Marauder, Siege Tank, SCV x3  
  136  11:44  Marauder x2  
  140  11:49  Sensor Tower  
  140  11:59  Marauder x2  
  144  12:02  Personal Cloaking, Command Center  
  144  12:05  Marauder x2  
  144  12:08  SCV x3  
  151  12:10  Siege Tank x2  
  157  12:15  Sensor Tower  
  157  12:18  Missile Turret  
  157  12:20  Refinery, SCV  
  157  12:21  Refinery  
  157  12:37  Marine  
  163  12:40  Command Center x2  
  163  12:43  Supply Depot  
  164  12:45  Supply Depot  
  164  13:00  Unknown x3  
  164  13:04  Marine x3  
  164  13:05  Marine  
  172  13:06  Marine x3, Medivac  
  179  13:22  Marine  
  180  13:31  Supply Depot  
  180  13:32  Supply Depot  
  180  13:33  Unknown x2, Supply Depot  
  180  13:35  Unknown, Supply Depot x2  
  180  13:51  Marine x3  
  189  14:02  Orbital Command, Planetary Fortress  
  189  14:04  Unknown  
  183  14:19  Marine x6  
  183  14:20  Marauder, Unknown x3  
  188  14:27  Hi-Sec Auto Tracking, Structure Armor  
  188  14:29  Nuke, Command Center  
  188  14:30  Command Center  
  188  14:32  Unknown  
  188  14:33  Marauder  
  188  14:36  Marine  
  191  14:42  Marauder  
  191  14:44  Missile Turret  
  193  14:47  Missile Turret  
  193  14:48  Unknown x2  
  191  15:12  Ghost Academy  
  191  15:13  Ghost Academy  
  191  15:14  Ghost Academy  
  195  15:17  Ghost Academy  
  178  15:37  Unknown x2  
  178  15:56  Marauder x4  
  178  15:57  Marine x3  
  186  16:03  Command Center  
  189  16:18  Marauder  
  161  16:47  Viking x2  
  165  17:00  Planetary Fortress  
  165  17:03  Orbital Command, Unknown  
  165  17:04  Unknown x2, Command Center  
  165  17:07  Unknown  
  173  17:17  Viking x2  
  173  17:19  Nuke x4  
  177  17:32  Marauder, Unknown x3  
  177  17:33  Marauder x2  
  177  17:36  Marauder, Unknown  
  181  18:03  Viking x2  
  185  18:25  Nuke  
  185  18:31  Nuke  
  185  18:33  Viking x2  
  189  18:37  Nuke x2  
  187  18:47  Nuke  
  187  19:13  Nuke  
  187  19:23  Nuke  
  187  19:28  Nuke  
  187  19:39  Nuke  
  187  19:52  Viking x2  
  191  20:02  Nuke x2  
  191  20:14  Terran Vehicle And Ship Armor Level 1  
  191  20:16  Nuke  
  191  20:22  Viking x2  
  191  20:26  Nuke  
  195  20:32  Nuke  
  195  20:36  Orbital Command  
  191  21:00  Missile Turret  
  191  21:03  Missile Turret  
  191  21:06  Missile Turret  
  191  21:07  Missile Turret x2  
  191  21:09  Missile Turret  
  191  21:10  Refinery x2  
  189  21:20  Medivac x2  
  193  21:26  Missile Turret  
  185  21:56  Nuke  
  185  22:05  Medivac x2  
  185  22:06  Marauder x4  
  185  22:08  Nuke x2  
  197  22:27  Marauder  
  197  22:28  Marauder  
  149  23:07  Marine x3  
  149  23:08  Marine x3  
  155  23:17  Nuke x2  
  155  23:25  Unknown x4, Marine  
  164  23:37  Nuke x2  
  164  23:39  Planetary Fortress  
  160  23:51  Marine x6  
  160  23:54  Unknown x4, Marine  
  169  24:19  Marine x5  
  169  24:22  Unknown  
  180  24:47  Nuke x2, Unknown x3  
  180  24:51  Unknown  
  183  25:10  Marine x4  
  187  25:15  Unknown x3  
  187  25:19  Unknown  
  195  25:41  Nuke  
  195  25:44  Unknown x3  
  195  25:48  Unknown  
  182  26:39  Command Center  
  182  26:59  Command Center  
Tags
 
Add a new tag
Caveats
  • Supply blocks, unpowered buildings, or Contaminate may cause inaccurate times.
  • Supply counts are checked every 10 seconds.